SKY
MEMPHIS BLUES @ ATLANTA BRAVES
04/17/2052
 
TOP OF THE 1ST
Memphis Blues batting - Pitching for Atlanta Braves : LHP Joe Velasco
Pitching: LHP Joe Velasco
Batting: RHB Julien Straton 0-0: Called Strike
0-1: Hit by Pitch
Batting: RHB Urso Cardona 0-0: Ball
1-0: Ball
2-0: Called Strike
2-1: Ball
3-1: Base on Balls
Julien Straton to second
Batting: RHB Yohan Roque 0-0: Called Strike
0-1: Ball
1-1: Ball
2-1: Swinging Strike
2-2: Ball
3-2: Base on Balls
Julien Straton to third
Urso Cardona to second
Batting: LHB Caleb Oliver 0-0: Ball
1-0: Called Strike
1-1: Ball
2-1: Ball
3-1: Base on Balls
Julien Straton scores
Urso Cardona to third
Yohan Roque to second
Batting: RHB Miles Hallam 0-0: Ball
1-0: Called Strike
1-1: Hit by Pitch
Urso Cardona scores
Yohan Roque to third
Caleb Oliver to second
Batting: RHB Yefferson Parras 0-0: Foul Ball, location: 2F
0-1: Ball
1-1: Ball
2-1: Foul Ball, location: 25F
2-2: Strikes out swinging
Batting: LHB R.J. Brown 0-0: Ball
1-0: Foul Ball, location: 2F
1-1: Ball
2-1: Foul Ball, location: 2RF
2-2: Strikes out swinging
Batting: RHB Amadeo Ybarra 0-0: Called Strike
0-1: Ball
1-1: Swinging Strike
1-2: Strikes out swinging
Top of the 1st over - 2 runs, 0 hits, 0 errors, 3 left on base; Memphis 2 - Atlanta 0
BOTTOM OF THE 1ST
Atlanta Braves batting - Pitching for Memphis Blues : RHP Clark Bryant
Pitching: RHP Clark Bryant
Batting: RHB Sylvester Miles 0-0: Ball
1-0: Fly out, F8 (Flyball, 8LD, EV 94.4 MPH)
Batting: RHB C.J. Chayrez 0-0: Called Strike
0-1: Ball
1-1: Called Strike
1-2: Strikes out swinging
Batting: RHB Josias Jaynes 0-0: Called Strike
0-1: Swinging Strike
0-2: Ball
1-2: Fly out, F8 (Flyball, 8LS, EV 92.5 MPH)
Bottom of the 1st over - 0 runs, 0 hits, 0 errors, 0 left on base; Memphis 2 - Atlanta 0
TOP OF THE 2ND
Memphis Blues batting - Pitching for Atlanta Braves : LHP Joe Velasco
Batting: RHB Josh Benedict 0-0: Called Strike
0-1: SINGLE (Groundball, 34D, EV 95.6 MPH)
Batting: RHB Julien Straton 0-0: Ball
1-0: Ball
2-0: Ball
3-0: Base on Balls
Josh Benedict to second
Batting: RHB Urso Cardona 0-0: Called Strike
0-1: Called Strike
0-2: Ball
1-2: Strikes out swinging
Batting: RHB Yohan Roque 0-0: Ball
1-0: Called Strike
1-1: Called Strike
1-2: SINGLE (Groundball, 4MD, EV 106.3 MPH)
Josh Benedict to third
Julien Straton to second
Runner from 3rd tries for Home, SAFE, throw by CF to home
Batting: LHB Caleb Oliver 0-0: Ball
1-0: Called Strike
1-1: Ball
2-1: Called Strike
2-2: Foul Ball, location: 3FF
2-2: Foul Ball, location: 23F
2-2: Foul Ball, location: 2F
2-2: Ball
3-2: Base on Balls
Julien Straton to third
Yohan Roque to second
Batting: RHB Miles Hallam 0-0: Ball
1-0: Ball
2-0: Called Strike
2-1: Foul Ball, location: 2F
2-2: Ball
3-2: Base on Balls
Julien Straton scores
Yohan Roque to third
Caleb Oliver to second
Batting: RHB Yefferson Parras 0-0: Called Strike
0-1: Called Strike
0-2: Ball
Wild Pitch!
Yohan Roque scores
Caleb Oliver to third
Miles Hallam to second
1-2: Foul Ball, location: 2F
1-2: Fly out, F7 (Flyball, 7D, EV 83.8 MPH)
Runner from 3rd tags up, SCORES, throw by LF
Miles Hallam to third
Pitching: RHP Miguel Valdez
Batting: LHB R.J. Brown 0-0: Fly out, F9 (Flyball, 9D, EV 102.5 MPH)
Top of the 2nd over - 4 runs, 2 hits, 0 errors, 1 left on base; Memphis 6 - Atlanta 0
BOTTOM OF THE 2ND
Atlanta Braves batting - Pitching for Memphis Blues : RHP Clark Bryant
Batting: LHB Adrian Cooke 0-0: Ball
1-0: SOLO HOME RUN (Flyball, 7D, EV 92.5 MPH), Distance : 367 ft
Batting: SHB Scott Hill 0-0: Ball
1-0: Called Strike
1-1: Fly out, F6 (Popup, 56D, EV 63.1 MPH)
Batting: RHB Peter Guice 0-0: Ball
1-0: Ball
2-0: Called Strike
2-1: Ball
3-1: SINGLE (Groundball, 6MD, EV 96.3 MPH)
Batting: RHB Phooka May 0-0: Foul Ball, location: 2F
0-1: Foul Ball, location: 3F
0-2: Grounds into double play, 5-4-3 (Groundball, 56S, EV 80.6 MPH)
Bottom of the 2nd over - 1 run, 2 hits, 0 errors, 0 left on base; Memphis 6 - Atlanta 1
TOP OF THE 3RD
Memphis Blues batting - Pitching for Atlanta Braves : RHP Miguel Valdez
Batting: RHB Amadeo Ybarra 0-0: SINGLE (Line Drive, 9S, EV 93.8 MPH)
Batting: RHB Josh Benedict 0-0: Called Strike
0-1: Ball
1-1: Ball
2-1: Swinging Strike
2-2: Foul Ball, location: 9LDF
2-2: Ball
3-2: Strikes out swinging
Amadeo Ybarra is caught stealing 2nd base 2-4
Batter strikes out.
Batting: RHB Julien Straton 0-0: Swinging Strike
0-1: Ball
1-1: Swinging Strike
1-2: Ball
2-2: Strikes out looking
Top of the 3rd over - 0 runs, 1 hit, 0 errors, 0 left on base; Memphis 6 - Atlanta 1
BOTTOM OF THE 3RD
Atlanta Braves batting - Pitching for Memphis Blues : RHP Clark Bryant
Batting: RHB Aiden Newman 0-0: Swinging Strike
0-1: Ball
1-1: Foul Ball, location: 7LMF
1-2: Foul Ball, location: 7LSF
1-2: Ball
2-2: Strikes out swinging
Batting: LHB Jacob Walters 0-0: Ball
1-0: Ball
2-0: Fly out, F2 (Popup, 23F, EV 76.9 MPH)
Batting: RHB Sylvester Miles 0-0: Ball
1-0: Swinging Strike
1-1: Ball
2-1: Swinging Strike
2-2: Strikes out looking
Bottom of the 3rd over - 0 runs, 0 hits, 0 errors, 0 left on base; Memphis 6 - Atlanta 1
TOP OF THE 4TH
Memphis Blues batting - Pitching for Atlanta Braves : RHP Miguel Valdez
Batting: RHB Urso Cardona 0-0: Ball
1-0: Foul Ball, location: 2F
1-1: Foul Ball, location: 5FF
1-2: Fly out, F7 (Line Drive, 7, EV 91.9 MPH)
Batting: RHB Yohan Roque 0-0: Ball
1-0: Ball
2-0: Foul Ball, location: 23FF
2-1: Foul Ball, location: 2F
2-2: Ground out 6-3 (Groundball, 6S, EV 80.6 MPH)
Batting: LHB Caleb Oliver 0-0: Ball
1-0: Foul Ball, location: 2F
1-1: Ball
2-1: Ball
3-1: Called Strike
3-2: Ground out 4-3 (Groundball, 4, EV 86.9 MPH)
Top of the 4th over - 0 runs, 0 hits, 0 errors, 0 left on base; Memphis 6 - Atlanta 1
BOTTOM OF THE 4TH
Atlanta Braves batting - Pitching for Memphis Blues : RHP Clark Bryant
Batting: RHB C.J. Chayrez 0-0: Called Strike
0-1: Foul Ball, location: 25FF
0-2: Ball
1-2: Fly out, F7 (Flyball, 7, EV 95.0 MPH)
Pitching: LHP Lee Walker
Batting: RHB Josias Jaynes 0-0: Swinging Strike
0-1: Swinging Strike
0-2: Ball
1-2: Strikes out looking
Batting: LHB Adrian Cooke 0-0: Ball
1-0: Ball
2-0: Swinging Strike
2-1: Ground out U3 (Groundball, 3L, EV 85.6 MPH)
Bottom of the 4th over - 0 runs, 0 hits, 0 errors, 0 left on base; Memphis 6 - Atlanta 1
TOP OF THE 5TH
Memphis Blues batting - Pitching for Atlanta Braves : RHP Miguel Valdez
Batting: RHB Miles Hallam 0-0: Called Strike
0-1: Fly out, F7 (Line Drive, 7LM, EV 89.4 MPH)
Batting: RHB Yefferson Parras 0-0: Called Strike
0-1: Ball
1-1: SINGLE (Line Drive, 9S, EV 98.1 MPH)
Batting: LHB R.J. Brown 0-0: Foul Ball, location: 3F
0-1: Ball
1-1: Ball
2-1: SINGLE (Groundball, 56D, EV 102.5 MPH)
Yefferson Parras to second
Batting: RHB Amadeo Ybarra 0-0: Swinging Strike
0-1: Swinging Strike
0-2: Grounds into double play, 1-4-3 (Groundball, 15, EV 65.6 MPH)
Top of the 5th over - 0 runs, 2 hits, 0 errors, 1 left on base; Memphis 6 - Atlanta 1
BOTTOM OF THE 5TH
Atlanta Braves batting - Pitching for Memphis Blues : LHP Lee Walker
Batting: SHB Scott Hill 0-0: Ball
1-0: Called Strike
1-1: Called Strike
1-2: Strikes out looking
Batting: RHB Peter Guice 0-0: Ball
1-0: Foul Ball, location: 2F
1-1: Called Strike
1-2: Fly out, F7 (Flyball, 7S, EV 90.0 MPH)
Batting: RHB Phooka May 0-0: Called Strike
0-1: Foul Ball, location: 2F
0-2: Ground out 6-3 (Groundball, 6, EV 107.5 MPH)
Bottom of the 5th over - 0 runs, 0 hits, 0 errors, 0 left on base; Memphis 6 - Atlanta 1
TOP OF THE 6TH
Memphis Blues batting - Pitching for Atlanta Braves : RHP Miguel Valdez
Batting: RHB Josh Benedict 0-0: Ball
1-0: Called Strike
1-1: Ball
2-1: Foul Ball, location: 5F
2-2: Ground out 4-3 (Groundball, 34D, EV 97.5 MPH)
Batting: RHB Julien Straton 0-0: Ball
1-0: Called Strike
1-1: DOUBLE (Groundball, 5L, EV 98.8 MPH)
Batting: RHB Urso Cardona 0-0: Ball
1-0: SINGLE (Groundball, 4M, EV 98.8 MPH) (infield hit)
Julien Straton to third
Batting: RHB Yohan Roque 0-0: Ball
1-0: Called Strike
1-1: Ball
2-1: Foul Ball, location: 2F
2-2: Ball
3-2: Strikes out swinging
Batting: LHB Caleb Oliver 0-0: Ball
1-0: Fielders Choice at 2nd, 5-4 (Groundball, 5, EV 81.9 MPH)
Top of the 6th over - 0 runs, 2 hits, 0 errors, 2 left on base; Memphis 6 - Atlanta 1
BOTTOM OF THE 6TH
Atlanta Braves batting - Pitching for Memphis Blues : LHP Lee Walker
Batting: RHB Aiden Newman 0-0: Ball
1-0: Ball
2-0: Called Strike
2-1: Ball
3-1: Base on Balls
Batting: LHB Jacob Walters 0-0: Ball
1-0: Ball
2-0: Foul Ball, location: 2F
2-1: Ball
3-1: Base on Balls
Aiden Newman to second
Batting: RHB Sylvester Miles 0-0: Swinging Strike
0-1: Ball
1-1: Foul Ball, location: 2F
1-2: Strikes out swinging
Batting: RHB C.J. Chayrez 0-0: Fly out, F3 (Popup, 3SF, EV 84.4 MPH)
Batting: RHB Josias Jaynes 0-0: Ball
1-0: Called Strike
1-1: Foul Ball, location: 23F
1-2: Ball
2-2: Ball
3-2: Foul Ball, location: 7LSF
3-2: Ground out 2-3 (Groundball, 15S, EV 71.9 MPH)
Bottom of the 6th over - 0 runs, 0 hits, 0 errors, 2 left on base; Memphis 6 - Atlanta 1
TOP OF THE 7TH
Memphis Blues batting - Pitching for Atlanta Braves : RHP Miguel Valdez
Batting: RHB Miles Hallam 0-0: Ball
1-0: Foul Ball, location: 2F
1-1: Foul Ball, location: 2F
1-2: Ground out 5-3 (Groundball, 56, EV 107.5 MPH)
Batting: RHB Yefferson Parras 0-0: Ball
1-0: Foul Ball, location: 2F
1-1: Ball
2-1: Ground out 1-3 (Groundball, 15, EV 63.1 MPH)
Pitching: LHP Caiden Tiffin
Batting: LHB R.J. Brown 0-0: Swinging Strike
0-1: Ball
1-1: Called Strike
1-2: Ball
2-2: Foul Ball, location: 23FF
2-2: Strikes out looking
Top of the 7th over - 0 runs, 0 hits, 0 errors, 0 left on base; Memphis 6 - Atlanta 1
BOTTOM OF THE 7TH
Atlanta Braves batting - Pitching for Memphis Blues : LHP Lee Walker
Now at C: Ishmael Baptiste
Batting: LHB Adrian Cooke 0-0: Called Strike
0-1: Ball
1-1: SOLO HOME RUN (Flyball, 89XD, EV 98.1 MPH), Distance : 389 ft
Pitching: RHP Hastings Anderson
Batting: SHB Scott Hill 0-0: Swinging Strike
0-1: Foul Ball, location: 2F
0-2: Foul Ball, location: 2LF
0-2: Strikes out swinging
Batting: RHB Peter Guice 0-0: Ball
1-0: SINGLE (Groundball, 56D, EV 98.1 MPH)
Batting: RHB Phooka May 0-0: Fly out, F9 (Flyball, 89S, EV 72.5 MPH)
Batting: RHB Aiden Newman 0-0: Ball
1-0: Called Strike
1-1: Swinging Strike
1-2: Strikes out looking
Bottom of the 7th over - 1 run, 2 hits, 0 errors, 1 left on base; Memphis 6 - Atlanta 2
TOP OF THE 8TH
Memphis Blues batting - Pitching for Atlanta Braves : LHP Caiden Tiffin
Batting: RHB Amadeo Ybarra 0-0: Called Strike
0-1: Fly out, F3 (Popup, 3S, EV 82.5 MPH)
Batting: RHB Josh Benedict 0-0: Called Strike
0-1: Ball
1-1: SINGLE (Groundball, 4MD, EV 106.3 MPH)
Batting: RHB Julien Straton 0-0: Ball
1-0: Fly out, F8 (Flyball, 8RXD, EV 108.1 MPH)
Batting: RHB Urso Cardona 0-0: Ball
1-0: Ball
2-0: Called Strike
2-1: SINGLE (Line Drive, 7S, EV 103.8 MPH)
Josh Benedict to second
Batting: RHB Yohan Roque 0-0: Swinging Strike
0-1: Foul Ball, location: 2F
0-2: SINGLE (Line Drive, 89M, EV 92.5 MPH)
Josh Benedict to third
Urso Cardona to second
Runner from 3rd tries for Home, SAFE, throw by CF to home
Batting: LHB Caleb Oliver 0-0: Ball
1-0: Ball
2-0: Foul Ball, location: 7LMF
2-1: Ball
3-1: Called Strike
3-2: 3-RUN HOME RUN (Flyball, 9D, EV 101.3 MPH), Distance : 390 ft
Batting: SHB Ishmael Baptiste 0-0: SINGLE (Line Drive, 8RS, EV 103.8 MPH)
Batting: RHB Yefferson Parras 0-0: Ball
1-0: Ball
2-0: Ball
3-0: Base on Balls
Ishmael Baptiste to second
Pinch Hitting: LHB Val GutiƩrrez 0-0: Ball
1-0: Ball
2-0: Ball
3-0: Called Strike
3-1: Foul Ball, location: 2F
3-2: Fly out, F4 (Line Drive, 4, EV 71.3 MPH)
Top of the 8th over - 4 runs, 5 hits, 0 errors, 2 left on base; Memphis 10 - Atlanta 2
BOTTOM OF THE 8TH
Atlanta Braves batting - Pitching for Memphis Blues : RHP Hastings Anderson
Now in LF: Val GutiƩrrez
Batting: LHB Jacob Walters 0-0: Ball
1-0: Ground out 4-3 (Groundball, 4S, EV 62.5 MPH)
Pinch Hitting: LHB Wyatt Ritter 0-0: Swinging Strike
0-1: Swinging Strike
0-2: Strikes out looking
Batting: RHB C.J. Chayrez 0-0: Swinging Strike
0-1: Ball
1-1: Foul Ball, location: 5F
1-2: Strikes out swinging, 2-3 out at first.
Bottom of the 8th over - 0 runs, 0 hits, 0 errors, 0 left on base; Memphis 10 - Atlanta 2
TOP OF THE 9TH
Memphis Blues batting - Pitching for Atlanta Braves : LHP Caiden Tiffin
Now in LF: Wyatt Ritter
Now in RF: Scott Hill
Batting: RHB Amadeo Ybarra 0-0: Ball
1-0: Called Strike
1-1: SINGLE (Line Drive, 5D, EV 102.5 MPH)
Batting: RHB Josh Benedict 0-0: Called Strike
0-1: Ball
1-1: Foul Ball, location: 23FF
1-2: Ball
2-2: Ball
3-2: Ground out 5-3 (Groundball, 56, EV 82.5 MPH)
Amadeo Ybarra to second
Pitching: RHP Eliot Le Bras
Batting: RHB Julien Straton 0-0: Ball
1-0: Called Strike
1-1: Swinging Strike
1-2: Strikes out looking
Batting: RHB Urso Cardona 0-0: Ball
1-0: Called Strike
1-1: Ball
2-1: Called Strike
2-2: Fly out, F8 (Flyball, 89M, EV 91.3 MPH)
Top of the 9th over - 0 runs, 1 hit, 0 errors, 1 left on base; Memphis 10 - Atlanta 2
BOTTOM OF THE 9TH
Atlanta Braves batting - Pitching for Memphis Blues : RHP Hastings Anderson
Batting: RHB Josias Jaynes 0-0: Ball
1-0: SINGLE (Line Drive, 34, EV 100.0 MPH)
Batting: LHB Adrian Cooke 0-0: Foul Ball, location: 2F
0-1: Foul Ball, location: 7LMF
0-2: Ball
1-2: Ball
2-2: Strikes out looking
Batting: SHB Scott Hill 0-0: Called Strike
0-1: Ball
Wild Pitch!
Josias Jaynes to second
1-1: Fly out, F8 (Flyball, 8RM, EV 91.9 MPH)
Batting: RHB Peter Guice 0-0: Swinging Strike
0-1: DOUBLE (Line Drive, 7LM, EV 101.3 MPH)
Josias Jaynes scores
Batting: RHB Phooka May 0-0: Ball
1-0: Fly out, F4 (Flyball, 4D, EV 91.9 MPH)
Bottom of the 9th over - 1 run, 2 hits, 0 errors, 1 left on base; Memphis 10 - Atlanta 3
Wednesday, April 17th , 2024 - OOTP Baseball 24.11 Build 85